 Dungeon Crawl Stone Soup version 0.29.1 (webtiles) character file.

Game seed: 15254079338297682920

16 masschaos23 the Sneak (level 2, 0/19 HPs)
             Began as an Octopode Brigand on Sept 13, 2022.
             Slain by a quokka (1 damage)
             ... on level 1 of the Dungeon.
             The game lasted 00:00:33 (268 turns).

masschaos23 the Sneak (Octopode Brigand)             Turns: 268, Time: 00:00:34

Health: 0/19       AC:  1    Str: 10    XL:     2   Next: 54%
Magic:  2/2        EV: 12    Int: 13    God:
Gold:   11         SH:  0    Dex: 13    Spells: 1/1 levels left

rFire   . . .      SeeInvis .   a - +2 dagger
rCold   . . .      Faith    .   (no shield)
rNeg    . . .      Spirit   .   (helmet restricted)
rPois   .          Reflect  .   (no amulet)
rElec   .          Harm     .   (no ring)
rCorr   .          Rampage  .   (no ring)
Will    .....                   (no ring)
Stlth   ++++......              (no ring)
HPRegen 0.06/turn               (no ring)
MPRegen 0.08/turn               (no ring)
                                (no ring)
                                (no ring)

@: no status effects
A: almost no armour, amphibious, 8 rings, camouflage 1, gelatinous body 1,
(nimble swimmer 1), tentacles
a: no special abilities


You were on level 1 of the Dungeon.
You visited 1 branch of the dungeon, and saw 1 of its levels.

You collected 11 gold pieces.

Inventory:

Hand Weapons
 a - a +2 dagger (weapon)
Missiles
 b - 9 poisoned darts (quivered)
 c - 3 curare-tipped darts
Scrolls
 d - a scroll of immolation {unknown}
 e - a scroll of acquirement {unknown}


   Skills:
 + Level 2.1 Fighting
 + Level 2.1 Short Blades
 + Level 2.0 Throwing
 + Level 1.0 Dodging
 + Level 6.1 Stealth


You had one spell level left.
You didn't know any spells.
Your spell library was empty.

Dungeon Overview and Level Annotations

Branches:
Dungeon (1/15)

Altars:


Innate Abilities, Weirdness & Mutations

You cannot wear most types of armour.
You are amphibious.
You can wear up to eight rings at the same time.
Your skin changes colour to match your surroundings (Stealth+).
Your rubbery body absorbs attacks. (AC +1, EV +1)
((You are camouflaged when in or above water. (Stealth+)))
You have tentacles for arms and can constrict up to eight enemies at once.


Message History

You constrict the kobold, but do no damage.
The bat closely misses you. The kobold closely misses you.
You hit the kobold but do no damage.
You squeeze the kobold, but do no damage.
You constrict the kobold, but do no damage.
The bat hits you but does no damage. The kobold closely misses you.
A goblin comes into view. It is wielding a +0 dagger.
The goblin shouts!
You hit the kobold but do no damage. You constrict the kobold.
The bat hits you. The bat barely misses you. The kobold barely misses you.
You barely miss the kobold.
The kobold is heavily wounded.
You constrict the kobold. The bat closely misses you. The bat hits you.
* * * LOW HITPOINT WARNING * * *
The kobold hits you with a +0 short sword.
* * * LOW HITPOINT WARNING * * *
You miss the bat. Your grab misses the bat. You constrict the kobold.
You kill the kobold!
The bat closely misses you.
You closely miss the quokka. Your grab misses the quokka.
The quokka barely misses you. The bat hits you but does no damage.
You hit the quokka. You grab the quokka.
The quokka is lightly wounded.
You constrict the quokka, but do no damage.
The bat closely misses you. The quokka closely misses you.
You barely miss the quokka.
The quokka is lightly wounded.
You constrict the quokka. The bat barely misses you. The quokka bites you.
* * * LOW HITPOINT WARNING * * *
The bat hits you but does no damage.
You hit the quokka but do no damage.
The quokka is moderately wounded.
You constrict the quokka. The bat barely misses you.
The quokka closely misses you.
You release your grip on the quokka.
The bat hits you.
* * * LOW HITPOINT WARNING * * *
You hit the quokka. Your grab misses the quokka.
The quokka is almost dead.
The bat closely misses you. The quokka bites you.
You die...

######### ### #.......#
..# #.......# .†#
#.......# ####### ..#
####....# .......
..#########....####.......
..'......)'....+@rg.......
..#..†.####....b.##.......
###....# #......# .......
#....# #...⌠..# .......
#...)# #.....## .......
#....# #....## .......
#....# #..... ..###..
###### ####... ..# ## #..


You could see a quokka, a goblin and a bat.

Vanquished Creatures
  A ball python (D:1)
  2 endoplasms (D:1)
  A goblin (D:1)
  A hobgoblin (D:1)
  3 jackals (D:1)
  2 kobolds (D:1)
  A quokka (D:1)
  A rat (D:1)
12 creatures vanquished.

Notes
Turn   | Place    | Note
-------+----------+-------------------------------------------
     0 | D:1      | masschaos23 the Octopode Brigand began the quest for the
                  | Orb.
     0 | D:1      | Reached XP level 1. HP: 14/14 MP: 1/1
    62 | D:1      | Reached XP level 2. HP: 8/19 MP: 2/2
    66 | D:1      | Reached skill level 6 in Stealth
   268 | D:1      | Slain by a quokka

Illustrated notes

Levels and vault maps discovered:
D:1:      dpeg_arrival_renting, layout_basic, hangedman_feature_mirror

Skill      XL: |  1  2 |
---------------+-------+-----
Stealth        | 6 |  6.1
Fighting       | |  2.1
Short Blades   | |  2.1
Throwing       | |  2.0
Dodging        | |  1.0

Action                   || total
-------------------------++-------
Melee: Dagger            ||    34
       Constrict         ||     6
       Tentacles         ||     5
       Punch             ||     1
 Stab: Sleeping          ||     2
Armor: Skin              ||     5
Dodge: Dodged            ||    30
